 Dungeon Crawl Stone Soup version 0.21.1-1-g345015fe64 (webtiles) character file.

1623 Fascinator the Ruffian (level 8, -2/62 HPs)
             Began as a Purple Draconian Transmuter on July 6, 2018.
             Slain by GotenAND's ghost (15 damage)
             ... on level 6 of the Dungeon.
             The game lasted 00:18:26 (6629 turns).

Fascinator the Ruffian (DrTm)                       Turns: 6629, Time: 00:18:26

Health: -2/62      AC:  9    Str: 14    XL:     8   Next: 65%
Magic:  24/24      EV: 14    Int: 14    God:
Gold:   226        SH:  0    Dex: 12    Spells: 16/17 levels left

rFire    . . .     SeeInvis .     - Unarmed
rCold    . . .     Gourm    .   (no shield)
rNeg     . . .     Faith    .   (armour unavailable)
rPois    .         Spirit   .   (helmet restricted)
rElec    .         Reflect  .   z - +0 cloak
rCorr    .         Harm     .   g - +1 pair of gloves
MR       +....                  (no boots)
Stlth    +.........             (no amulet)
HPRegen  0.20/turn              r - +3 ring of slaying
MPRegen  0.19/turn              y - ring of magical power

@: short of breath, appendage
A: breathe power, unfitting armour, horns 2, cold-blooded, AC +6
a: Breathe Dispelling Energy, End Transformation


You were on level 6 of the Dungeon.
You were not hungry.
You had grown temporary horns.
You visited 2 branches of the dungeon, and saw 8 of its levels.
You also visited: Sewer.

You collected 226 gold pieces.

Inventory:

Missiles
 a - 39 arrows
Armour
 g - a +1 pair of gloves (worn)
 t - a +0 pair of gloves
 z - a +0 cloak (worn)
Jewellery
 r - a +3 ring of slaying (left hand)
 x - an uncursed ring of protection from cold
 y - a ring of magical power (right hand)
Wands
 o - a wand of scattershot (5)
 q - a wand of random effects (27)
Scrolls
 e - a scroll of fear
 i - a scroll of fog {unknown}
 k - 3 scrolls of identify
 l - a scroll of enchant weapon
 p - 3 scrolls of magic mapping
 s - a scroll of blinking {unknown}
 u - a scroll of teleportation
 v - a scroll of amnesia {unknown}
 A - 2 scrolls of remove curse
 C - a scroll of random uselessness {unknown}
Potions
 d - 2 potions of mutation {unknown}
 f - a potion of degeneration
 h - a potion of curing
 j - a potion of haste {unknown}
 m - a potion of brilliance
 n - a potion of agility
 w - a potion of flight
 B - a potion of cancellation {unknown}
Books
 b - a book of Changes

   Spells                             Type                      Level
   a - Beastly Appendage              Transmutation                1
   b - Sticks to Snakes               Transmutation                2
   c - Spider Form                    Transmutation/Poison         3
   d - Ice Form                       Ice/Transmutation            4
   e - Blade Hands                    Transmutation                5
Comestibles
 c - 13 rations
 D - a chunk of flesh


   Skills:
 * Level 2.7 Fighting
 + Level 4.9 Dodging
 - Level 0.6 Stealth
 + Level 7.9 Unarmed Combat
 * Level 5.1 Spellcasting
 * Level 4.4 Transmutations


You had 16 spell levels left.
You knew the following spells:

 Your Spells              Type           Power        Failure   Level  Hunger
a - Beastly Appendage     Tmut           ###...       2%          1    None


Dungeon Overview and Level Annotations

Branches:
Dungeon (7/15)             Temple (1/1) D:6

Altars:
Ashenzari
Cheibriados
Dithmenos
Elyvilon
Fedhas
Gozag
Kikubaaqudgha
Makhleb
Nemelex Xobeh
Okawaru
Qazlal
Ru
Sif Muna
Uskayaw
Wu Jian
Xom
Yredelemnul
Zin

Shops:
D:6 (

Annotations:
D:6 GotenAND's ghost, novice DDFi


Innate Abilities, Weirdness & Mutations

You can breathe bolts of dispelling energy.
Your rich purple scales are hard. (AC +6)
You cannot fit into any form of body armour.
You are cold-blooded and may be slowed by cold attacks.
You have a pair of horns on your head.


Message History

GotenAND's ghost is heavily damaged.
GotenAND's ghost hits you.
You hit GotenAND's ghost.
GotenAND's ghost is heavily damaged.
GotenAND's ghost hits you!
* * * LOW HITPOINT WARNING * * *
You punch GotenAND's ghost!
GotenAND's ghost is severely damaged.
You hit GotenAND's ghost but do no damage.
GotenAND's ghost is severely damaged.
GotenAND's ghost closely misses you.
Okay, then.
Evoke which item? (* to show all) (? for menu, Esc to quit)
Aiming: Scattershot
Press: ? - help, Shift-Dir - straight line, f/p - GotenAND's ghost
Aim: GotenAND's ghost (severely damaged)
The burst of metal fragments hits GotenAND's ghost. x4
GotenAND's ghost is severely damaged.
GotenAND's ghost hits you!
You die...

..........# ##########....
...######.# .........#....
#####.# ##.........#.# #.....##
##...###.#.#.# #.###..## ...#.#
#.#.#.# #.#8.8.8#
####'###.#.#.############.#.⌠.⌠.#
#.....#.#...#.............8.∩.8#
##.⌠.⌠.#.......W@..######...⌠.⌠.#
.'..>..'.###.#.###.#.####..8.8.8#
##.⌠.⌠.### #)#.# #...)...(.......
#.....#...........#.###†###....#
###'###.#.###.###.......# #..#.#
####.# ... #.........#.# #.##>.
...... #.# #.###.###.##. .## ..
###### #. .# #.# #.# # # ..# .#


You could see GotenAND's ghost.

Vanquished Creatures
  An orc warrior (D:6)
  3 black bears
  The ghost of Fascinator the Ruffian, an amateur DrTm (D:3)
  2 ogres
  2 centaurs
  A bullfrog (D:5)
  A scorpion (D:5)
  2 crimson imps
  A hound (D:7)
  Crazy Yiuf (D:3)
  An orc priest (D:3)
  3 orc wizards
  Jessica (D:2)
  Natasha (twice) (D:2)
  5 worker ants
  A hound zombie (D:6)
  7 gnolls
  7 adders
  A shadow imp (D:5)
  An ooze (Sewer)
  8 dart slugs
  3 leopard geckos
  12 orcs
  6 bats
  18 giant cockroaches
  7 goblins
  10 hobgoblins
  12 jackals
  8 kobolds
  2 quokkas
  A ball python (Sewer)
  6 frilled lizards
  A quokka zombie (D:6)
  10 rats
148 creatures vanquished.

Notes
Turn   | Place    | Note
-------+----------+-------------------------------------------
     0 | D:1      | Fascinator the Draconian Transmuter began the quest for the Orb.
     0 | D:1      | Reached XP level 1. HP: 16/16 MP: 3/3
    77 | D:1      | Reached XP level 2. HP: 3/23 MP: 5/5
   817 | D:2      | Reached XP level 3. HP: 28/28 MP: 6/6
  1136 | D:2      | Reached XP level 4. HP: 22/35 MP: 7/7
  1593 | D:2      | Noticed Jessica
  1600 | D:2      | Killed Jessica
  1600 | D:2      | Reached skill level 4 in Unarmed Combat
  1651 | D:2      | Noticed Natasha
  1658 | D:2      | Killed Natasha
  1658 | D:2      | Reached XP level 5. HP: 22/40 MP: 5/8
  1896 | D:2      | Found a hide-covered altar of Uskayaw.
  1930 | D:3      | Found a faded altar of an unknown god.
  1951 | D:3      | Found a glowing drain.
  1963 | D:3      | Noticed Fascinator's ghost (amateur DrTm)
  2125 | D:2      | Noticed Natasha
  2132 | D:2      | Killed Natasha
  2280 | Sewer    | Entered a sewer
  2717 | D:3      | Killed Fascinator's ghost
  2717 | D:3      | Reached XP level 6. HP: 39/48 MP: 8/10
  2812 | D:3      | Reached skill level 5 in Unarmed Combat
  2910 | D:3      | Found a runed door.
  2916 | D:3      | Noticed Crazy Yiuf
  2924 | D:3      | Killed Crazy Yiuf
  3028 | D:3      | Found a snail-covered altar of Cheibriados.
  3368 | D:4      | Found a white marble altar of Elyvilon.
  3706 | D:4      | Found a shadowy altar of Dithmenos.
  3715 | D:4      | Found a basalt altar of Yredelemnul.
  3715 | D:4      | Found a sparkling altar of Nemelex Xobeh.
  3719 | D:4      | Found an ornate altar of the Wu Jian Council.
  4046 | D:5      | Entered Level 5 of the Dungeon
  4302 | D:5      | Your scales start taking on a rich purple colour.
  4302 | D:5      | Reached XP level 7. HP: 29/53 MP: 10/12
  4390 | D:5      | Reached skill level 6 in Unarmed Combat
  4396 | D:5      | HP: 2/53 [poisoned by a worker ant]
  4404 | D:5      | HP: 2/53 [poisoned by a worker ant]
  5155 | D:5      | Found an ancient bone altar of Kikubaaqudgha.
  5155 | D:5      | Found a blossoming altar of Fedhas.
  5660 | D:5      | Reached XP level 8. HP: 50/61 MP: 14/14
  5708 | D:6      | Reached skill level 7 in Unarmed Combat
  6010 | D:6      | Found a staircase to the Ecumenical Temple.
  6038 | Temple   | Entered the Ecumenical Temple
  6307 | D:6      | Found Varec's Antique Weapon Emporium.
  6325 | D:6      | Noticed GotenAND's ghost (novice DDFi)
  6360 | D:7      | Reached skill level 5 in Spellcasting
  6629 | D:6      | Slain by GotenAND's ghost

Skill      XL: |  1  2  3  4  5  6  7  8 |
---------------+-------------------------+-----
Dodging        | 2 3 4 |  4.9
Unarmed Combat | 4 5 6 7 |  7.9
Transmutations | 3 4 |  4.4
Spellcasting   | 3 4 5 |  5.1
Fighting       | 2 |  2.7
Stealth        | |  0.6

Action                   |  1- 3 |  4- 6 |  7- 9 || total
-------------------------+-------+-------+-------++-------
Melee: Unarmed           |   154 |   243 |   157 ||   554
       Tailslap          |    14 |    19 |    18 ||    51
       Kick              |     2 |    14 |    11 ||    27
       Headbutt          |     3 |     6 |    16 ||    25
       Punch             |     1 |     6 |     5 ||    12
 Cast: Beastly Appendage |     9 |    27 |    22 ||    58
 Abil: Breathe Dispellin |       |       |     4 ||     4
Evoke: Wand              |       |       |     1 ||     1
  Use: Potion            |       |     8 |     1 ||     9
       Scroll            |       |     7 |       ||     7
 Stab: Sleeping          |       |     1 |     1 ||     2
  Eat: Chunk             |     1 |    10 |     6 ||    17
       Ration            |       |       |     1 ||     1
Armor: Skin              |    59 |    63 |    44 ||   166
Dodge: Dodged            |   113 |   177 |   109 ||   399
